 Dungeon Crawl Stone Soup version 0.26-a0-651-gb41185065b (webtiles) character file.

Game seed: 16376051795638944545

5 Irenicus the Digger (level 1, 0/15 HPs)
             Began as a Deep Dwarf Earth Elementalist on Oct 27, 2020.
             Slain by a gnoll
             ... wielding a +0 spear
              (2 damage)
             ... on level 2 of the Dungeon.
             The game lasted 00:01:46 (266 turns).

Irenicus the Digger (Deep Dwarf Earth Elementalist)  Turns: 266, Time: 00:01:47

Health: 0/15       AC:  5    Str: 11    XL:     1   Next: 66%
Magic:  1/3        EV: 11    Int: 15    God:
Gold:   12         SH:  0    Dex: 13    Spells: 2/3 levels left

rFire    . . .     SeeInvis .   g - +0 club
rCold    . . .     Faith    .   (no shield)
rNeg     . . .     Spirit   .   e - +0 ring mail
rPois    .         Reflect  .   (no helmet)
rElec    .         Harm     .   (no cloak)
rCorr    .         Rampage  .   (no gloves)
MR       .....                  (no boots)
Stlth    +.........             (no amulet)
HPRegen  0.00/turn              (no ring)
MPRegen  0.08/turn              (no ring)

@: very slightly contaminated, non-regenerating
A: damage resistance, heal wounds, sense surroundings 1, no regeneration
a: Heal Wounds


You were on level 2 of the Dungeon.
You visited 1 branch of the dungeon, and saw 2 of its levels.

You collected 12 gold pieces.

Inventory:

Hand Weapons
 g - a +0 club (weapon)
   (You took it off a hobgoblin on level 1 of the Dungeon)
Missiles
 b - 40 stones (quivered)
Armour
 e - a +0 ring mail (worn)
   (You found it on level 1 of the Dungeon)
Scrolls
 c - 2 scrolls of teleportation
Potions
 d - a potion of heal wounds {unknown}
 f - a potion of curing {unknown}
 h - a potion of might {unknown}


   Skills:
 - Level 2.1 Dodging
 - Level 2.4 Stealth
 - Level 1.7 Spellcasting
   Level 0.8 Transmutations
 + Level 4.5 Earth Magic


You had 2 spell levels left.
You knew the following spells:

 Your Spells              Type           Power        Failure   Level
a - Sandblast             Erth           ###...       9%          1

Your spell library contained the following spells:

 Spells                   Type           Power        Failure   Level
 Passwall                 Tmut/Erth      #.......     28%         2
 Stone Arrow              Conj/Erth      #.....       54%         3
 Petrify                  Tmut/Erth      #.......     88%         4
 Lee's Rapid Deconstruct  Erth           ###.......   93%         5


Dungeon Overview and Level Annotations

Branches:
Dungeon (2/15)

Altars:


Innate Abilities, Weirdness & Mutations

You are resistant to damage.
You can heal yourself by infusing magical energy.
You passively map a small area around you.
You do not regenerate.


Message History

Press: ? - help, Shift-Dir - straight line, f - bat
Aim: a bat The blast of sand hits the bat.
The bat is moderately wounded.
b - 43 stones A bat comes into view.
The bat closely misses you. x2
A gnoll comes into view. It is wielding a +0 whip.
You now have 2/3 mp.
Casting: Sandblast (safe; 9% risk of failure)
Confirm with . or Enter, or press ? or * to list all spells.
Press: ? - help, Shift-Dir - straight line, p - bat
b - 42 stones The gnoll shouts!
You hear a shout!
The gnoll shouts!
The bat hits you but does no damage. x2
A gnoll comes into view.
A gnoll shaman comes into view. It is wielding a +0 whip.
You now have 1/3 mp.
Casting: Sandblast (safe; 9% risk of failure)
Confirm with . or Enter, or press ? or * to list all spells.
Press: ? - help, Shift-Dir - straight line, f - gnoll
Aim: a gnoll, wielding a +0 spear The blast of sand misses the gnoll.
b - 41 stones The gnoll shouts!
The bat closely misses you. The bat barely misses you.
The gnoll hits you from afar with a +0 spear.
A worm comes into view.
You take 4 damage, and have 11/15 hp.
MASSIVE DAMAGE!!
You now have 0/3 mp.
You aren't carrying any items that you can evoke.
Okay, then.
The bat barely misses you. x2
There is a stone staircase leading up here.
A dart slug comes into view.
The bat hits you. The bat barely misses you.
A hobgoblin comes into view. It is wielding a +0 club.
The hobgoblin shouts!
The bat hits you but does no damage.
A rat comes into view.
A leopard gecko comes into view.
The bat closely misses you. The bat closely misses you. The bat hits you.
The bat hits you but does no damage. The bat closely misses you.
The bat hits you but does no damage. The bat closely misses you.
The hobgoblin hits you but does no damage.
The bat barely misses you. The bat closely misses you.
A frilled lizard comes into view.
The bat hits you but does no damage.
Really attack unarmed? [Y]es or [N]o only, please.
Really attack unarmed? [Y]es or [N]o only, please.
Really attack unarmed?
Okay, then.
The frilled lizard hisses angrily.
The bat hits you but does no damage. The bat misses you.
A giant cockroach and a gnoll come into view.
The bat barely misses you. The bat hits you but does no damage.
The gnoll hits you from afar with a +0 spear.
You see here an emerald potion.
You take 3 damage, and have 8/15 hp.
g - a +0 club (weapon)
A dart slug comes into view.
h - an emerald potion The bat barely misses you.
The bat hits you but does no damage. x2
The gnoll hits you from afar with a +0 spear.
The hobgoblin barely misses you.
You take 1 damage, and have 7/15 hp.
The bat completely misses you. The bat hits you but does no damage.
The frilled lizard closely misses you.
It was a potion of magic.
Magic courses through your body. The bat closely misses you.
The gnoll hits you.
The frilled lizard bites you but does no damage.
The gnoll hits you from afar with a +0 spear.
The hobgoblin barely misses you. The bat hits you but does no damage.
You take 2 damage, and have 5/15 hp.
MP restored: 3
Casting: Sandblast (safe; 9% risk of failure)
Confirm with . or Enter, or press ? or * to list all spells.
Press: ? - help, Shift-Dir - straight line, f - gnoll, p - gnoll
Aim: a gnoll The blast of sand hits the gnoll.
The gnoll is moderately wounded.
b - 40 stones The bat barely misses you. x2; The gnoll hits you.
* * * LOW HITPOINT WARNING * * *
The gnoll hits you but does no damage. The frilled lizard closely misses you.
The hobgoblin misses you.
You take 1 damage, and have 4/15 hp.
You now have 2/3 mp.
Casting: Sandblast (safe; 9% risk of failure)
Confirm with . or Enter, or press ? or * to list all spells.
Aiming: Sandblast (safe; 9% risk of failure)
Press: ? - help, Shift-Dir - straight line, f/p - gnoll
Aim: a gnoll (moderately wounded)
You miscast Sandblast.
You are very lightly contaminated with residual magic.
Nothing appears to happen.
The gnoll hits you.
* * * LOW HITPOINT WARNING * * *
The gnoll hits you from afar with a +0 spear.
You die...

## *..( , . *
#..#*l. ,*.#
...##. #.#
......##..# #g#
#.....# #s#
#lg#, #w# #l##
# ##g####.#*.#
, #.@lb##.#..#
#bgl.##...## ,
#...g#.....##
#...wl........#
#.......)...###
#...........#
#....#...$.##
#...(.......#
#...........#


You could see 3 gnolls, 2 dart slugs, a giant cockroach, a hobgoblin, 2 bats and
3 frilled lizards.

Vanquished Creatures
  A giant cockroach (D:1)
  A goblin (D:1)
  A hobgoblin (D:1)
  A frilled lizard (D:1)
  A rat (D:1)
5 creatures vanquished.

Notes
Turn   | Place    | Note
-------+----------+-------------------------------------------
     0 | D:1      | Irenicus the Deep Dwarf Earth Elementalist began the quest
                  | for the Orb.
     0 | D:1      | Reached XP level 1. HP: 15/15 MP: 3/3
   250 | D:2      | Noticed a gnoll shaman
   266 | D:2      | HP: 2/15 [gnoll (2)]
   266 | D:2      | Slain by a gnoll

Illustrated notes

Levels and vault maps discovered:
D:1:      dpeg_arrival_brainrot, layout_basic
D:2:      layout_rooms, nicolae_overflow_crystal_walls, minmay_pentomino_w4,
          uniq_crazy_yiuf_cottage

Action                   || total
-------------------------++-------
Melee: Unarmed           ||     1
 Cast: Sandblast         ||    11
  Use: Scroll            ||     1
       Potion            ||     1
Armor: Ring mail         ||    15
Dodge: Dodged            ||    26

Table legend: (Time is in decaauts)
 A = Elapsed time spent in this place.
 B = Non-inter-level travel time spent in this place.
 C = Inter-level travel time spent in this place.
 D = Time resting spent in this place.
 E = Time spent auto-exploring this place.
 F = Levels seen in this place.
 G = Mean time per level.
                   A        B        C        D        E       F      G
               +--------+--------+--------+--------+--------+-----+--------+
         Total |    265 |    265 |      0 |      0 |     22 |   2 |  132.5 |
       Dungeon |    265 |    265 |      0 |      0 |     22 |   2 |  132.5 |
               +--------+--------+--------+--------+--------+-----+--------+

Top non-repeatable levels by time:
     D:1: 246 daAuts
     D:2: 19 daAuts

Table legend:
 A = Kills in this place as a percentage of kills in entire the game.
 B = Kills by you in this place as a percentage of kills by you in the entire game.
 C = Kills by friends in this place as a percentage of kills by friends in the entire game.
 D = Other kills in this place as a percentage of other kills in the entire game.
 E = Experience gained in this place as a percentage of experience gained in the entire game.
 F = Experience gained in this place divided by the number of levels of this place that you have seen.
                   A       B       C       D       E      F
               +-------+-------+-------+-------+-------+----------------------
         Total | 100.0 | 100.0 |   N/A |   N/A | 100.0 |   4.0
       Dungeon | 100.0 | 100.0 |   N/A |   N/A | 100.0 |   4.0
               +-------+-------+-------+-------+-------+----------------------
